TOP OF THE 1ST |
Santa Fe Diablos batting - Pitching for Beaumont Roughnecks : RHP Jim Fitzgerald
|
Pitching: RHP Jim Fitzgerald
|
|
Batting: LHB David Hernández
|
0-0: Swinging Strike 0-1: TRIPLE (Groundball, 5L)
|
Batting: SHB George Adams
|
0-0: Called Strike 0-1: Ball 1-1: Foul Ball, location: 2F 1-2: Ball 2-2: Ball 3-2: Ground out U3 (Groundball, 3)
|
Batting: LHB Roberto Lozano
|
0-0: Ball 1-0: Ball 2-0: Called Strike 2-1: Fly out, F7 (Flyball, 7LS) Runner from 3rd tags up, SCORES, no throw
|
Batting: RHB Lee Price
|
0-0: Foul Ball, location: 2F 0-1: Fly out, F6 (Popup, 56D)
|
Top of the 1st over - 1 run(s), 1 hit(s), 0 error(s), 0 left on base; Santa Fe 1 - Beaumont 0 |
BOTTOM OF THE 1ST |
Beaumont Roughnecks batting - Pitching for Santa Fe Diablos : RHP Honorato Mota
|
Pitching: RHP Honorato Mota
|
|
Batting: LHB Tony Rivera
|
0-0: Swinging Strike 0-1: Fly out, F8 (Flyball, 8LD)
|
Batting: RHB Jeff Mason
|
0-0: Foul Ball, location: 2F 0-1: Swinging Strike 0-2: Ball 1-2: Ball 2-2: SINGLE (Groundball, 6D)
|
Batting: RHB Miguel Costa
|
0-0: Ball 1-0: Called Strike Throwing error on steal attempt, E2 Jeff Mason to third 1-1: Swinging Strike 1-2: Strikes out looking
|
Batting: LHB Cam Flowers
|
0-0: Ball 1-0: Ball 2-0: Fly out, F8 (Line Drive, 8LM)
|
Bottom of the 1st over - 0 run(s), 1 hit(s), 1 error(s), 1 left on base; Santa Fe 1 - Beaumont 0 |
TOP OF THE 2ND |
Santa Fe Diablos batting - Pitching for Beaumont Roughnecks : RHP Jim Fitzgerald
|
Batting: SHB Tex White
|
0-0: Ball 1-0: Foul Ball, location: 2F 1-1: Fly out, F7 (Flyball, 78S)
|
Batting: LHB Gary Kern
|
0-0: Called Strike 0-1: Ball 1-1: SINGLE (Line Drive, 9S)
|
Batting: RHB Tim Adkins
|
0-0: Ball 1-0: SINGLE (Groundball, 4MD) Gary Kern to second
|
Batting: LHB Luis Torres
|
0-0: SINGLE (Groundball, 56D) Gary Kern to third Tim Adkins to second
|
Batting: LHB Javier Martínez
|
0-0: Foul Ball, location: 2F 0-1: DOUBLE (Flyball, 78D) Gary Kern scores Tim Adkins scores Luis Torres to third
|
Batting: LHB David Hernández
|
0-0: Swinging Strike 0-1: Ground out 4-3 (Groundball, 4M) Luis Torres scores Javier Martínez to third
|
Batting: SHB George Adams
|
0-0: Ball 1-0: Ball 2-0: Swinging Strike 2-1: Ball 3-1: Base on Balls
|
Batting: LHB Roberto Lozano
|
0-0: Ball 1-0: Foul Ball, location: 2F 1-1: Ground out 4-3 (Groundball, 34)
|
Top of the 2nd over - 3 run(s), 4 hit(s), 0 error(s), 2 left on base; Santa Fe 4 - Beaumont 0 |
BOTTOM OF THE 2ND |
Beaumont Roughnecks batting - Pitching for Santa Fe Diablos : RHP Honorato Mota
|
Batting: RHB Benjamin Lawson
|
0-0: Foul Ball, location: 2F 0-1: Swinging Strike 0-2: Strikes out swinging, 2-3 out at first.
|
Batting: SHB Keith Gratton
|
0-0: Ball 1-0: Ground out 3-1 (Groundball, 34S)
|
Batting: RHB Franklin Lawrence
|
0-0: Called Strike 0-1: Foul Ball, location: 2F 0-2: Strikes out swinging
|
Bottom of the 2nd over - 0 run(s), 0 hit(s), 0 error(s), 0 left on base; Santa Fe 4 - Beaumont 0 |
TOP OF THE 3RD |
Santa Fe Diablos batting - Pitching for Beaumont Roughnecks : RHP Jim Fitzgerald
|
Batting: RHB Lee Price
|
0-0: Called Strike 0-1: Foul Ball, location: 2F 0-2: Ball 1-2: Strikes out swinging
|
Batting: SHB Tex White
|
0-0: Fly out, F8 (Flyball, 78D)
|
Batting: LHB Gary Kern
|
0-0: Foul Ball, location: 2F 0-1: Ball 1-1: Ball 2-1: Swinging Strike 2-2: Strikes out swinging
|
Top of the 3rd over - 0 run(s), 0 hit(s), 0 error(s), 0 left on base; Santa Fe 4 - Beaumont 0 |
BOTTOM OF THE 3RD |
Beaumont Roughnecks batting - Pitching for Santa Fe Diablos : RHP Honorato Mota
|
Batting: RHB Albert Alemán
|
0-0: Ball 1-0: Ball 2-0: Ball 3-0: Called Strike 3-1: Called Strike 3-2: Ground out 5-3 (Groundball, 5S)
|
Batting: RHB Darwin Crane
|
0-0: Ball 1-0: Foul Ball, location: 2F 1-1: SINGLE (Line Drive, 56D)
|
Batting: LHB Tony Rivera
|
0-0: Swinging Strike 0-1: Ball 1-1: Ball 2-1: Foul Ball, location: 2F 2-2: Ball 3-2: 2-RUN HOME RUN (Flyball, 89XD), Distance : 423 ft
|
Batting: RHB Jeff Mason
|
0-0: Called Strike 0-1: Ball 1-1: Ball 2-1: Called Strike 2-2: Ground out 4-3 (Groundball, 4)
|
Batting: RHB Miguel Costa
|
0-0: Called Strike 0-1: Ground out 1-3 (Groundball, 15S)
|
Bottom of the 3rd over - 2 run(s), 2 hit(s), 0 error(s), 0 left on base; Santa Fe 4 - Beaumont 2 |
TOP OF THE 4TH |
Santa Fe Diablos batting - Pitching for Beaumont Roughnecks : RHP Jim Fitzgerald
|
Batting: RHB Tim Adkins
|
0-0: Ball 1-0: Foul Ball, location: 2F 1-1: Ball 2-1: Ball 3-1: TRIPLE (Line Drive, 9LS)
|
Batting: LHB Luis Torres
|
0-0: Swinging Strike 0-1: Foul Ball, location: 2F 0-2: Foul Ball, location: 2F 0-2: Fly out, F7 (Flyball, 78M) Runner from 3rd tags up, SCORES, no throw
|
Batting: LHB Javier Martínez
|
0-0: Swinging Strike 0-1: Ball 1-1: Ground out 1-3 (Groundball, P)
|
Batting: LHB David Hernández
|
0-0: Foul Ball, location: 2F 0-1: Foul Ball, location: 2F 0-2: Foul Ball, location: 2F 0-2: Strikes out looking
|
Top of the 4th over - 1 run(s), 1 hit(s), 0 error(s), 0 left on base; Santa Fe 5 - Beaumont 2 |
BOTTOM OF THE 4TH |
Beaumont Roughnecks batting - Pitching for Santa Fe Diablos : RHP Honorato Mota
|
Batting: LHB Cam Flowers
|
0-0: Called Strike 0-1: Ball 1-1: Foul Ball, location: 2F 1-2: Ball 2-2: Ball 3-2: Foul Ball, location: 2F 3-2: Fly out, F3 (Line Drive, 34)
|
Batting: RHB Benjamin Lawson
|
0-0: Ball 1-0: Ball 2-0: Called Strike 2-1: Ball 3-1: Base on Balls
|
Batting: SHB Keith Gratton
|
0-0: Ball 1-0: Foul Ball, location: 2F 1-1: SINGLE (Groundball, 4MD) Benjamin Lawson to second
|
Batting: RHB Franklin Lawrence
|
0-0: Ball 1-0: Ball 2-0: Fly out, F7 (Line Drive, 78M)
|
Batting: RHB Albert Alemán
|
0-0: Ball 1-0: Fly out, F8 (Flyball, 8LM)
|
Bottom of the 4th over - 0 run(s), 1 hit(s), 0 error(s), 2 left on base; Santa Fe 5 - Beaumont 2 |
TOP OF THE 5TH |
Santa Fe Diablos batting - Pitching for Beaumont Roughnecks : RHP Jim Fitzgerald
|
Pitching: RHP Jesús Ortíz
|
|
Batting: SHB George Adams
|
0-0: Ball 1-0: Ball 2-0: Called Strike 2-1: Ball 3-1: Base on Balls
|
Batting: LHB Roberto Lozano
|
0-0: Ball 1-0: Foul Ball, location: 2F 1-1: Ball 2-1: Reached on error, E1 (Groundball, P) George Adams to second
|
Batting: RHB Lee Price
|
0-0: Called Strike 0-1: Called Strike 0-2: Foul Ball, location: 2F 0-2: Ball 1-2: Ball 2-2: Ball 3-2: Foul Ball, location: 2F 3-2: Base on Balls George Adams to third Roberto Lozano to second
|
Batting: SHB Tex White
|
0-0: Called Strike 0-1: Ball 1-1: Foul Ball, location: 2F 1-2: Ball 2-2: Fly out, F7 (Flyball, 7) Runner from 3rd tags up, SCORES, no throw
|
Batting: LHB Gary Kern
|
0-0: Ball 1-0: Ball 2-0: Ball 3-0: Base on Balls Roberto Lozano to third Lee Price to second
|
Batting: RHB Tim Adkins
|
0-0: Called Strike 0-1: Ball 1-1: Called Strike 1-2: Strikes out looking
|
Batting: LHB Luis Torres
|
0-0: Ball 1-0: Ball 2-0: Called Strike 2-1: Called Strike 2-2: Strikes out swinging
|
Top of the 5th over - 1 run(s), 0 hit(s), 1 error(s), 3 left on base; Santa Fe 6 - Beaumont 2 |
BOTTOM OF THE 5TH |
Beaumont Roughnecks batting - Pitching for Santa Fe Diablos : RHP Honorato Mota
|
Batting: RHB Darwin Crane
|
0-0: Ground out 4-3 (Groundball, 4)
|
Batting: LHB Tony Rivera
|
0-0: Ball 1-0: Ball 2-0: Foul Ball, location: 2F 2-1: Foul Ball, location: 2F 2-2: Ball 3-2: Ground out 3-1 (Groundball, 34S)
|
Batting: RHB Jeff Mason
|
0-0: Ball 1-0: Fly out, F6 (Line Drive, 6M)
|
Bottom of the 5th over - 0 run(s), 0 hit(s), 0 error(s), 0 left on base; Santa Fe 6 - Beaumont 2 |
TOP OF THE 6TH |
Santa Fe Diablos batting - Pitching for Beaumont Roughnecks : RHP Jesús Ortíz
|
Pitching: RHP Jeff Thompson
|
|
Batting: LHB Javier Martínez
|
0-0: Fly out, F3 (Line Drive, 34)
|
Batting: LHB David Hernández
|
0-0: Called Strike 0-1: Ball 1-1: Ground out 4-3 (Groundball, 4M)
|
Batting: SHB George Adams
|
0-0: Called Strike 0-1: TRIPLE (Line Drive, 8RD)
|
Batting: LHB Roberto Lozano
|
0-0: Ball 1-0: Called Strike 1-1: Ball 2-1: Called Strike 2-2: Fly out, F7 (Flyball, 7LS)
|
Top of the 6th over - 0 run(s), 1 hit(s), 0 error(s), 1 left on base; Santa Fe 6 - Beaumont 2 |
BOTTOM OF THE 6TH |
Beaumont Roughnecks batting - Pitching for Santa Fe Diablos : RHP Honorato Mota
|
Batting: RHB Miguel Costa
|
0-0: Foul Ball, location: 2F 0-1: Swinging Strike 0-2: Strikes out swinging
|
Batting: LHB Cam Flowers
|
0-0: Foul Ball, location: 2F 0-1: Foul Ball, location: 2F 0-2: Ground out 6-3 (Groundball, 6)
|
Batting: RHB Benjamin Lawson
|
0-0: Foul Ball, location: 2F 0-1: Called Strike 0-2: Foul Ball, location: 2F 0-2: Ball 1-2: Ball 2-2: Strikes out looking
|
Bottom of the 6th over - 0 run(s), 0 hit(s), 0 error(s), 0 left on base; Santa Fe 6 - Beaumont 2 |
TOP OF THE 7TH |
Santa Fe Diablos batting - Pitching for Beaumont Roughnecks : RHP Jeff Thompson
|
Batting: RHB Lee Price
|
0-0: Ball 1-0: Ball 2-0: Called Strike 2-1: SINGLE (Line Drive, 6M)
|
Batting: SHB Tex White
|
0-0: Swinging Strike 0-1: Ground out U3 (Groundball, 23) Lee Price to second
|
Batting: LHB Gary Kern
|
0-0: Foul Ball, location: 2F 0-1: Fly out, F5 (Popup, 5S)
|
Batting: RHB Tim Adkins
|
0-0: Ball 1-0: Foul Ball, location: 2F 1-1: Ball 2-1: Foul Ball, location: 2F 2-2: Ground out 4-3 (Groundball, 4)
|
Top of the 7th over - 0 run(s), 1 hit(s), 0 error(s), 1 left on base; Santa Fe 6 - Beaumont 2 |
BOTTOM OF THE 7TH |
Beaumont Roughnecks batting - Pitching for Santa Fe Diablos : RHP Honorato Mota
|
Batting: SHB Keith Gratton
|
0-0: Called Strike 0-1: Fly out, F2 (Popup, 25)
|
Batting: RHB Franklin Lawrence
|
0-0: Ball 1-0: Called Strike 1-1: Ground out 1-3 (Groundball, 13)
|
Batting: RHB Albert Alemán
|
0-0: Swinging Strike 0-1: Ball 1-1: Ball 2-1: Ball 3-1: Base on Balls
|
Pitching: RHP Tex Perkins
|
|
Batting: RHB Darwin Crane
|
0-0: Ground out 6-3 (Groundball, 56)
|
Bottom of the 7th over - 0 run(s), 0 hit(s), 0 error(s), 1 left on base; Santa Fe 6 - Beaumont 2 |
TOP OF THE 8TH |
Santa Fe Diablos batting - Pitching for Beaumont Roughnecks : RHP Jeff Thompson
|
Batting: LHB Luis Torres
|
0-0: Called Strike 0-1: DOUBLE (Line Drive, 7)
|
Batting: LHB Javier Martínez
|
0-0: Swinging Strike 0-1: Called Strike 0-2: Ball 1-2: Ball 2-2: Strikes out swinging
|
Batting: LHB David Hernández
|
0-0: Foul Ball, location: 2F 0-1: Ground out 6-3 (Groundball, 6M) Luis Torres to third
|
Batting: SHB George Adams
|
0-0: Ball 1-0: Called Strike 1-1: Ball 2-1: DOUBLE (Line Drive, 9LM) Luis Torres scores
|
Pitching: RHP Dave Hammond
|
|
Batting: LHB Roberto Lozano
|
0-0: Ball 1-0: Ball 2-0: Called Strike 2-1: Foul Ball, location: 2F 2-2: Foul Ball, location: 2F 2-2: Ball 3-2: Strikes out swinging
|
Top of the 8th over - 1 run(s), 2 hit(s), 0 error(s), 1 left on base; Santa Fe 7 - Beaumont 2 |
BOTTOM OF THE 8TH |
Beaumont Roughnecks batting - Pitching for Santa Fe Diablos : RHP Tex Perkins
|
Now at 3B: David Taylor
|
|
Batting: LHB Tony Rivera
|
0-0: Called Strike 0-1: Foul Ball, location: 2F 0-2: Ball 1-2: Strikes out swinging
|
Batting: RHB Jeff Mason
|
0-0: Foul Ball, location: 2F 0-1: Foul Ball, location: 2F 0-2: Ball 1-2: Strikes out swinging
|
Batting: RHB Miguel Costa
|
0-0: Ball 1-0: Ball 2-0: Called Strike 2-1: Foul Ball, location: 2F 2-2: Ball 3-2: Foul Ball, location: 2F 3-2: Base on Balls
|
Batting: LHB Cam Flowers
|
0-0: Ball 1-0: Called Strike 1-1: Called Strike 1-2: Ball 2-2: Ball 3-2: Base on Balls Miguel Costa to second
|
Batting: RHB Benjamin Lawson
|
0-0: Ball 1-0: Ball 2-0: Called Strike 2-1: Ground out 5-3 (Groundball, 56S)
|
Bottom of the 8th over - 0 run(s), 0 hit(s), 0 error(s), 2 left on base; Santa Fe 7 - Beaumont 2 |
TOP OF THE 9TH |
Santa Fe Diablos batting - Pitching for Beaumont Roughnecks : RHP Dave Hammond
|
Batting: RHB Lee Price
|
0-0: Foul Ball, location: 2F 0-1: Foul Ball, location: 2F 0-2: Foul Ball, location: 2F 0-2: Strikes out swinging
|
Batting: SHB Tex White
|
0-0: Fly out, F7 (Flyball, 7)
|
Batting: LHB Gary Kern
|
0-0: SINGLE (Flyball, 8RS)
|
Batting: RHB Tim Adkins
|
0-0: Ball 1-0: SINGLE (Groundball, 34D) Gary Kern to second Runner from 2nd tries for 3rd, SAFE, throw made to third
|
Batting: LHB Luis Torres
|
0-0: Called Strike 0-1: Swinging Strike 0-2: Ball 1-2: Foul Ball, location: 2F 1-2: Fielders Choice at 2nd, 5-4 (Groundball, 56)
|
Top of the 9th over - 0 run(s), 2 hit(s), 0 error(s), 1 left on base; Santa Fe 7 - Beaumont 2 |
BOTTOM OF THE 9TH |
Beaumont Roughnecks batting - Pitching for Santa Fe Diablos : RHP Tex Perkins
|
Batting: SHB Keith Gratton
|
0-0: Ball 1-0: Swinging Strike 1-1: Called Strike 1-2: Foul Ball, location: 2F 1-2: Ball 2-2: SINGLE (Groundball, 4MD)
|
Batting: RHB Franklin Lawrence
|
0-0: Ball 1-0: Fielders Choice at 2nd, 6-4 (Groundball, 56)
|
Batting: RHB Albert Alemán
|
0-0: Ball 1-0: Foul Ball, location: 2F 1-1: Grounds into double play, 6-4-3 (Groundball, 6)
|
Bottom of the 9th over - 0 run(s), 1 hit(s), 0 error(s), 0 left on base; Santa Fe 7 - Beaumont 2 |
|